 Dungeon Crawl Stone Soup version 0.20-a0-1074-g6a0a8e1 (webtiles) character file.

20596 dvd the Frost Mage (level 12, -7/97 HPs)
             Began as a Pale Draconian Ice Elementalist on Apr 29, 2017.
             Was an Elder of the Shining One.
             Mangled by a wolf spider (8 damage)
             ... on level 3 of the Lair of Beasts.
             The game lasted 01:10:38 (13907 turns).

dvd the Frost Mage (DrIE)                          Turns: 13907, Time: 01:10:39

Health: -7/97      AC: 20    Str: 17    XL:     12   Next: 46%
Magic:  2/25       EV: 15    Int: 19    God:    the Shining One [****..]
Gold:   1076       SH:  0    Dex: 12    Spells: 13/29 levels left

rFire    + . .     SeeInvis .   a - +4 morningstar (protect)
rCold    . . .     Gourm    .   (no shield)
rNeg     + + .     Faith    .   (armour unavailable)
rPois    .         Spirit   .   (helmet restricted)
rElec    .         Reflect  .   v - +0 cloak
rCorr    .         Harm     .   J - +0 pair of gloves
MR       .....                  s - +2 pair of boots
Stlth    +.........             k - amulet of regeneration
Regen    0.7/turn               Y - ring of protection from fire
MPRegen  0.2/turn               H - +5 ring of strength

@: icy armour (expiring), very slightly contaminated, glowing, slow
A: breathe steam, unfitting armour, antennae 1, stinger 1, blurry vision 1,
sense surroundings 1, evolution 1, cold-blooded, AC +8
a: Breathe Steam, Divine Shield, Cleansing Flame, Renounce Religion


You were on level 3 of the Lair of Beasts.
You worshipped the Shining One.
The Shining One was greatly pleased with you.
You were very hungry.

You visited 3 branches of the dungeon, and saw 15 of its levels.

You collected 1076 gold pieces.

Inventory:

Hand Weapons
 a - a +4 morningstar of protection (weapon)
 D - a cursed -3 falchion
 F - a +2 short sword of venom
 I - a +1 mace of holy wrath
 P - the +2 quarterstaff of Muapekeh {freeze, +Fly rF+ Dex-5}
   (You found it on level 10 of the Dungeon)

   It has been specially enchanted to freeze those struck by it, causing extra
   injury to most foes and up to half again as much damage against particularly
   susceptible opponents.
   It can also slow down cold-blooded creatures.
   It affects your dexterity (-5).
   It protects you from fire.
   It lets you fly.
 Z - a +4 dagger of venom
Armour
 s - a +2 pair of boots (worn)
 v - a +0 cloak (worn)
 J - a +0 pair of gloves (worn)
Magical Staves
 w - an uncursed staff of energy
Jewellery
 k - an amulet of regeneration (around neck)
 n - an uncursed amulet of the gourmand
 p - an uncursed ring of wizardry
 q - an uncursed ring of positive energy
 G - a +4 ring of strength
 H - a +5 ring of strength (right hand)
 Y - a ring of protection from fire (left hand)
Wands
 y - a wand of confusion (28/48)
 A - a wand of confusion (29/48)
 E - a wand of confusion (26/48)
 W - a wand of flame (28/48)
 X - a wand of acid (7/15)
Scrolls
 e - 11 scrolls of identify
 g - a scroll of enchant armour
 h - 3 scrolls of magic mapping
 i - 4 scrolls of fog
 l - 3 scrolls of blinking
 m - 2 scrolls of teleportation
 u - 2 scrolls of remove curse
 K - 3 scrolls of recharging
 O - 2 scrolls of amnesia
Potions
 d - a potion of might
 j - a potion of heal wounds
 r - 2 potions of magic
 x - 2 potions of curing
 L - 2 potions of haste
 M - 3 potions of mutation
 N - a potion of cancellation
 Q - 3 potions of flight
 V - a potion of brilliance
Books
 b - a book of Maledictions

   Spells                             Type                      Level
   a - Corona                         Hexes                        1
   b - Ensorcelled Hibernation        Hexes/Ice                    2
   c - Confuse                        Hexes                        3
   d - Tukima's Dance                 Hexes                        3
   e - Dazzling Spray                 Conjuration/Hexes            3
 c - a book of Geomancy

   Spells                             Type                      Level
   a - Sandblast                      Earth                        1
   b - Passwall                       Transmutation/Earth          2
   c - Stone Arrow                    Conjuration/Earth            3
   d - Petrify                        Transmutation/Earth          4
   e - Lee's Rapid Deconstruction     Earth                        5
 o - a book of Frost

   Spells                             Type                      Level
   a - Freeze                         Ice                          1
   b - Throw Frost                    Conjuration/Ice              2
   c - Ozocubu's Armour               Charms/Ice                   3
   d - Throw Icicle                   Conjuration/Ice              4
   e - Summon Ice Beast               Ice/Summoning                4
 t - a Young Poisoner's Handbook

   Spells                             Type                      Level
   a - Sting                          Conjuration/Poison           1
   b - Poisonous Vapours              Poison/Air                   2
   c - Mephitic Cloud                 Conjuration/Poison/Air       3
   d - Olgreb's Toxic Radiance        Poison                       4
   e - Venom Bolt                     Conjuration/Poison           5
 S - a book of Conjurations

   Spells                             Type                      Level
   a - Magic Dart                     Conjuration                  1
   b - Searing Ray                    Conjuration                  2
   c - Dazzling Spray                 Conjuration/Hexes            3
   d - Fulminant Prism                Conjuration/Hexes            4
   e - Force Lance                    Conjuration/Translocation    4
   f - Iskenderun's Mystic Blast      Conjuration                  4
Comestibles
 f - 23 fruits
 z - 8 royal jellies
 B - 15 bread rations
 C - 3 meat rations


   Skills:
 + Level 6.5 Fighting
 + Level 2.4 Short Blades
 + Level 9.4 Maces & Flails
 + Level 6.6 Dodging
 + Level 3.4 Stealth
 + Level 9.2 Spellcasting
 + Level 4.4 Conjurations
 + Level 3.1 Charms
 + Level 4.1 Summonings
 + Level 9.6 Ice Magic
 + Level 0.7 Air Magic
 + Level 1.4 Poison Magic
 * Level 4.6 Invocations
 + Level 0.2 Evocations


You had 13 spell levels left.
You knew the following spells:

 Your Spells              Type           Power        Failure   Level  Hunger
a - Freeze                Ice            ####         1%          1    None
b - Throw Frost           Conj/Ice       #####.       1%          2    None
c - Ozocubu's Armour      Chrm/Ice       ####....     1%          3    None
d - Throw Icicle          Conj/Ice       #####...     4%          4    ###....
e - Summon Ice Beast      Ice/Summ       ####....     4%          4    ###....
f - Poisonous Vapours     Pois/Air       ##....       8%          2    None


Dungeon Overview and Level Annotations

Branches:
Dungeon (11/15)            Temple (1/1) D:4            Lair (3/6) D:8
  Swamp (0/4) Lair:2          Orc (0/2) D:10
  Snake: Lair:2-4    Spider: Lair:2-4

Altars:
Ashenzari
Cheibriados
Dithmenos
Elyvilon
Fedhas
Gozag
Hepliaklqana
Kikubaaqudgha
Makhleb
Nemelex Xobeh
Okawaru
Qazlal
Ru
Sif Muna
Trog
Uskayaw
Vehumet
Wu Jian
Xom
Yredelemnul
Zin
The Shining One

Shops:
D:10 [(   D:11 *

Annotations:
D:2 Sigmund
D:3 Grinder
Lair:1 exclusion: oklob plant


Innate Abilities, Weirdness & Mutations

You can breathe blasts of scalding, opaque steam.
Your pale cyan-grey scales are hard. (AC +8)
You cannot fit into any form of body armour.
You are cold-blooded and may be slowed by cold attacks.
You have a pair of small antennae on your head.
Your tail ends in a poisonous barb.
Scrolls take you a little longer to read.
You passively map a small area around you.
You evolve.


Message History

* * * LOW HITPOINT WARNING * * *
The wolf spider bites you.
* * * LOW HITPOINT WARNING * * *
You are more poisoned.
The wolf spider poisons you!
Your ice beast barely misses the hippogriff.
You feel better. The wolf spider hits you!
* * * LOW HITPOINT WARNING * * *
The wolf spider bites you but does no damage.
The wolf spider hits you. The Shining One protects you from harm!
The wolf spider bites you. The Shining One protects you from harm!
The hippogriff bites your ice beast. The hippogriff misses your ice beast.
The hippogriff closely misses your ice beast.
The wolf spider completely misses you.
The wolf spider bites you but does no damage.
Your ice beast hits the hippogriff.
Your ice beast freezes the hippogriff!
The wolf spider hits you!
You die...

#....# ##.## # *
* ##...# #..# # *
#...# ##.## # *
#..## #...# #
#..* #..# ##.## #
#..* #..# #...# #
,..### ##..#
#..## #
*,...##.#..##
###.# **
#..#.##@..# #...#
##...#.Yss##
###.#
###^......H..#
##..# #
#.^.........##
#.#.## # ,
#.....##......#
##..P###
.....##.......#
#..P##.
....##........#
#...... ...
#.........##
##.....
..###..........##
## #.....


You could see 2 wolf spiders, a hippogriff and a friendly ice beast.

Vanquished Creatures
  Harold (Lair:2)
  3 two-headed ogres
  Urug (Lair:3)
  Nergalle (Lair:1)
  Pikel (D:4)
  A centaur zombie (D:8)
  5 elephants
  2 black mambas (Lair:2)
  3 spiny frogs
  A komodo dragon (Lair:2)
  A rime drake (Lair:2)
  2 trolls (D:11)
  A slime creature (D:11)
  5 hippogriffs
  3 blink frogs (Lair:1)
  A hog (D:11)
  A hungry ghost (D:8)
  A yak (Lair:1)
  2 vampire mosquitoes (D:11)
  3 insubstantial wisps (Lair:2)
  Duvessa (D:7)
  6 water moccasins
  2 hell hounds (D:8)
  Purgy (D:3)
  An orc warrior (D:6)
  A porcupine (Lair:3)
  An ice beast (D:5)
  2 sky beasts
  3 phantoms
  2 ogres (D:4)
  A necrophage (D:9)
  4 centaurs
  2 wolves (D:11)
  5 big kobolds
  8 bullfrogs
  A gnoll sergeant (D:10)
  Dowan (D:7)
  A scorpion (D:5)
  8 killer bees (D:11)
  5 wights (D:11)
  2 crimson imps
  2 quasits (D:7)
  4 hounds
  7 jellies
  Crazy Yiuf (D:3)
  8 orc priests
  5 orc wizards
  Ijyb (D:4)
  3 iguanas
  6 worker ants
  2 killer bee zombies (D:9)
  A worker ant zombie (D:5)
  16 gnolls
  10 adders
  A shadow imp (D:11)
  10 oozes (Lair:1)
  An adder skeleton (D:6)
  A worm (D:2)
  4 dart slugs
  10 leopard geckos
  35 orcs
  11 bats
  5 giant cockroaches
  32 goblins
  22 hobgoblins
  10 jackals
  4 quokkas
  3 ball pythons
  A frilled lizard (D:1)
  11 kobolds
  8 rats
  11 plants (Lair:1)
343 creatures vanquished.

Vanquished Creatures (collateral kills)
  Snorg (D:11)
  The ghost of Dominolapin the Nimble, a journeyman DrFE of Vehumet (Lair:3)
  A hydra (Lair:1)
  A wolf spider (Lair:3)
  A centaur zombie (D:11)
  An elephant (Lair:3)
  Joseph (D:7)
  A spiny frog (Lair:2)
  A komodo dragon (Lair:1)
  2 slime creatures (D:11)
  A hippogriff (Lair:2)
  2 hogs (D:11)
  A yak (D:11)
  A human (D:11)
  A hungry ghost (D:8)
  A basilisk (Lair:2)
  A vampire mosquito (D:11)
  Grum (D:11)
  A water moccasin (Lair:3)
  A sky beast (D:11)
  A centaur (D:11)
  A big kobold (D:5)
  3 jellies (Lair:1)
  A worker ant (D:11)
  2 gnolls (D:10)
  A leopard gecko (D:11)
  An orc (D:6)
  A kobold (D:5)
33 creatures vanquished.

Vanquished Creatures (others)
  A slave (D:4)
  9 fungi
  A plant (Lair:1)
11 creatures vanquished.

Grand Total: 387 creatures vanquished

Notes
Turn   | Place    | Note
-------+----------+-------------------------------------------
     0 | D:1      | dvd the Draconian Ice Elementalist began the quest for the Orb.
     0 | D:1      | Reached XP level 1. HP: 14/14 MP: 3/3
   157 | D:1      | Reached XP level 2. HP: 20/20 MP: 3/5
   262 | D:1      | Learned a level 2 spell: Throw Frost
   617 | D:1      | Reached XP level 3. HP: 26/26 MP: 4/6
   630 | D:1      | Learned a level 3 spell: Ozocubu's Armour
  1469 | D:2      | Noticed Sigmund
  1664 | D:2      | Reached XP level 4. HP: 33/33 MP: 2/8
  1911 | D:3      | Noticed Purgy
  2085 | D:3      | Found a burning altar of Makhleb.
  2085 | D:3      | Found an iron altar of Okawaru.
  2218 | D:3      | Found a runed door.
  2222 | D:3      | Noticed Crazy Yiuf
  2229 | D:3      | Killed Crazy Yiuf
  2229 | D:3      | Reached skill level 1 in Maces & Flails
  2229 | D:3      | Reached XP level 5. HP: 38/38 MP: 3/9
  2319 | D:3      | Noticed Grinder
  2885 | D:4      | Noticed Ijyb
  2885 | D:4      | Noticed an ogre
  2886 | D:4      | Noticed a slave
  2887 | D:4      | Noticed a slave
  2904 | D:4      | Noticed Pikel
  2907 | D:4      | Killed Ijyb
  2910 | D:4      | Noticed a slave
  2916 | D:4      | Noticed a slave
  2916 | D:4      | Killed an ogre
  2916 | D:4      | Reached skill level 1 in Short Blades
  2928 | D:4      | Killed Pikel
  2928 | D:4      | Reached skill level 5 in Ice Magic
  2928 | D:4      | Reached XP level 6. HP: 20/50 MP: 0/12
  2928 | D:4      | Your scales start taking on a pale cyan-grey colour.
  2928 | D:4      | Reached XP level 7. HP: 22/56 MP: 0/13
  3105 | D:4      | Found a staircase to the Ecumenical Temple.
  3112 | Temple   | Entered the Ecumenical Temple
  3279 | Temple   | Became a worshipper of the Shining One
  3648 | D:4      | Found a deep blue altar of Sif Muna.
  3724 | D:3      | Killed Purgy
  3804 | D:3      | Learned a level 4 spell: Throw Icicle
  3809 | D:3      | Learned a level 4 spell: Summon Ice Beast
  4124 | D:3      | Found a shattered altar of Ashenzari.
  4125 | D:3      | Found a radiant altar of Vehumet.
  4459 | D:5      | Entered Level 5 of the Dungeon
  4563 | D:5      | Reached XP level 8. HP: 55/62 MP: 10/15
  4749 | D:5      | Reached skill level 5 in Spellcasting
  5225 | D:5      | Reached * piety under the Shining One
  5660 | D:5      | Reached XP level 9. HP: 54/69 MP: 10/17
  6346 | D:6      | Found an ornate altar of the Wu Jian Council.
  6609 | D:6      | Reached skill level 1 in Charms
  6785 | D:6      | Gained mutation: You tend to lose your temper in combat. [potion of mutation]
  6785 | D:6      | Gained mutation: Your magical capacity is low. (-10% MP) [potion of mutation]
  6785 | D:6      | Gained mutation: You do not regenerate when monsters are visible. [potion of mutation]
  6785 | D:6      | Gained mutation: You can translocate small distances at will. [potion of mutation]
  6994 | D:7      | Noticed Joseph
  7110 | D:7      | Killed Joseph
  7110 | D:7      | Reached skill level 1 in Summonings
  7163 | D:7      | Found a basalt altar of Yredelemnul.
  7194 | D:7      | Noticed Dowan
  7195 | D:7      | Noticed Duvessa
  7201 | D:7      | Killed Dowan
  7205 | D:7      | Killed Duvessa
  7531 | D:8      | Reached skill level 5 in Dodging
  7534 | D:8      | Reached skill level 5 in Maces & Flails
  7683 | D:8      | Reached ** piety under the Shining One
  7695 | D:8      | Reached XP level 10. HP: 70/78 MP: 7/17
  7717 | D:8      | Found a staircase to the Lair.
  7720 | D:8      | Noticed a two-headed ogre
  8169 | D:8      | Found an ancient bone altar of Kikubaaqudgha.
  8272 | D:8      | Killed a two-headed ogre
  8359 | D:8      | Learned a level 2 spell: Poisonous Vapours
  8596 | D:9      | Gained mutation: You are clumsy. (Dex -2) [mutagenic meat]
  8597 | D:9      | Lost mutation: You can translocate small distances at will. [mutagenic meat]
  8599 | D:9      | Gained mutation: Your tail ends in a poisonous barb. [mutagenic meat]
  9035 | D:10     | Entered Level 10 of the Dungeon
  9035 | D:10     | Found a glowing golden altar of the Shining One.
  9042 | D:10     | Found Casse's Weapon Boutique.
  9046 | D:10     | Found a staircase to the Orcish Mines.
  9050 | D:10     | Found Jiuzabij's Armour Boutique.
  9210 | D:10     | Noticed a two-headed ogre
  9217 | D:10     | Killed a two-headed ogre
  9307 | D:10     | Lost mutation: Your tail ends in a poisonous barb. [potion of mutation]
  9307 | D:10     | Lost mutation: Your magical capacity is low. (-10% MP) [potion of mutation]
  9307 | D:10     | Gained mutation: You have a pair of small horns on your head. [potion of mutation]
  9307 | D:10     | Gained mutation: You have large cloven feet. [potion of mutation]
  9307 | D:10     | Gained mutation: You evolve. [potion of mutation]
  9308 | D:10     | Lost mutation: You have large cloven feet. [potion of mutation]
  9308 | D:10     | Lost mutation: You are clumsy. (Dex -2) [potion of mutation]
  9308 | D:10     | Gained mutation: You occasionally shout uncontrollably at your foes. [potion of mutation]
  9308 | D:10     | Gained mutation: You are covered in fur. (AC +1) [potion of mutation]
  9359 | D:10     | Got an ivory quarterstaff
  9360 | D:10     | Identified the +2 quarterstaff of Muapekeh {freeze, +Fly rF+ Dex-5} (You found it on level 10 of the Dungeon)
  9614 | D:11     | Found a shimmering altar of Xom.
  9614 | D:11     | Reached *** piety under the Shining One
  9836 | D:11     | Reached skill level 5 in Fighting
  9912 | D:11     | Found Cyusuec's General Store.
  9926 | D:11     | Noticed a two-headed ogre
  9934 | D:11     | Killed a two-headed ogre
  9934 | D:11     | Reached XP level 11. HP: 51/86 MP: 11/22
 10071 | D:11     | Lost mutation: You are covered in fur. (AC +1) [potion of mutation]
 10071 | D:11     | Lost mutation: You tend to lose your temper in combat. [potion of mutation]
 10071 | D:11     | Lost mutation: You have a pair of small horns on your head. [potion of mutation]
 10071 | D:11     | Lost mutation: You do not regenerate when monsters are visible. [potion of mutation]
 10071 | D:11     | Lost mutation: You occasionally shout uncontrollably at your foes. [potion of mutation]
 10071 | D:11     | Gained mutation: Scrolls take you a little longer to read. [potion of mutation]
 10071 | D:11     | Gained mutation: You passively map a small area around you. [potion of mutation]
 10143 | D:11     | Noticed Snorg
 10151 | D:11     | Killed Snorg
 10358 | D:11     | Noticed Grum
 10366 | D:11     | Killed Grum
 10442 | D:11     | Gained mutation: You have a pair of small antennae on your head. [evolution]
 10559 | D:11     | Reached skill level 1 in Poison Magic
 10727 | D:11     | Reached **** piety under the Shining One
 10950 | Lair:1   | Entered Level 1 of the Lair of Beasts
 10981 | Lair:1   | Noticed an eight-headed hydra
 10996 | Lair:1   | Killed an eight-headed hydra
 11186 | Lair:1   | Noticed Nergalle
 11202 | Lair:1   | Killed Nergalle
 11438 | Lair:1   | Noticed an oklob plant
 11487 | Lair:1   | Reached skill level 1 in Invocations
 12322 | Lair:2   | Found a staircase to the Swamp.
 12640 | Lair:2   | Reached XP level 12. HP: 95/95 MP: 8/24
 12868 | Lair:2   | Noticed Harold
 12881 | Lair:2   | Killed Harold
 13030 | Lair:2   | Gained mutation: Your tail ends in a poisonous barb. [evolution]
 13090 | Lair:3   | Noticed Urug
 13140 | Lair:3   | Killed Urug
 13522 | Lair:3   | Noticed Dominolapin's ghost (journeyman DrFE)
 13538 | Lair:3   | Killed Dominolapin's ghost
 13907 | Lair:3   | HP: 1/97 [wolf spider (16)]
 13907 | Lair:3   | The Shining One protects you from harm!
 13907 | Lair:3   | The Shining One protects you from harm!
 13907 | Lair:3   | Mangled by a wolf spider

Vault maps used:
D:1:      dpeg_arrival_windows_large_door, columned_hall_lemuel,
          minmay_close_crescents
D:2:      uniq_sigmund
D:3:      cheibrodos_old_hovel, chequers_temple_overflow_statue_of_worship,
          gammafunk_temple_overflow_statue, uniq_purgy, uniq_grinder,
          uniq_crazy_yiuf_cottage
D:4:      temple_fountains, tgw_sif, uniq_ijyb, uniq_pikel
D:5:      minmay_goblin_kobold_castle, first_bread, minmay_checkerbox
D:6:      basic_altar
D:7:      old_standard_altar, uniq_joseph, uniq_duvessa
D:8:      kennysheep_little_box, minmay_lair_entry_lava
D:10:     orc_david_3, basic_altar
D:11:     serial_shops, nicolae_shop_trees, grunt_livestock, xom_teletrap_fun,
          uniq_grum, uniq_snorg
Temple:   eino_temple_scatter_basement
Lair:1:   lemuel_slime, lemuel_fruit_tree, wad_woods_river_01,
          lemuel_fruit_fields, uniq_nergalle
Lair:2:   minmay_swamp_entry_wisps, uniq_harold
Lair:3:   spider_nest_entry_funnel_web, uniq_urug

Skill      XL: |  1  2  3  4  5  6  7  8  9 10 11 12 |
---------------+-------------------------------------+-----
Dodging        | 2 3 4 5 6 |  6.6
Stealth        | 2 3 |  3.4
Ice Magic      | 4 5 6 7 8 9 |  9.6
Maces & Flails | 1 3 5 7 8 9 |  9.4
Spellcasting   | 3 4 5 6 7 8 9 |  9.2
Short Blades   | 1 2 |  2.4
Fighting       | 2 3 5 6 |  6.5
Conjurations   | 2 3 4 |  4.4
Charms         | 1 2 3 |  3.1
Summonings     | 2 3 4 |  4.1
Poison Magic   | 1 |  1.4
Invocations    | 3 4 |  4.6
Air Magic      | |  0.7
Evocations     | |  0.2

Action                   |  1- 3 |  4- 6 |  7- 9 | 10-12 || total
-------------------------+-------+-------+-------+-------++-------
Melee: Dagger            |    51 |       |       |       ||    51
       Tailslap          |     7 |     9 |    27 |    64 ||   107
       Mace              |     3 |    28 |    14 |       ||    45
       Short sword       |       |    18 |    79 |       ||    97
       Quarterstaff      |       |     6 |       |       ||     6
       Morningstar       |       |       |   170 |   417 ||   587
       Headbutt          |       |       |       |     7 ||     7
 Cast: Freeze            |    43 |    23 |    28 |    45 ||   139
       Throw Frost       |    15 |    13 |    30 |    27 ||    85
       Ozocubu's Armour  |     1 |     2 |    24 |    41 ||    68
       Throw Icicle      |       |       |     7 |    47 ||    54
       Summon Ice Beast  |       |       |    14 |    37 ||    51
       Poisonous Vapours |       |       |       |    14 ||    14
 Abil: Breathe Steam     |       |       |    15 |    14 ||    29
Evoke: Wand              |       |       |       |    19 ||    19
  Use: Scroll            |     2 |       |    10 |     9 ||    21
       Potion            |       |       |     6 |    10 ||    16
 Stab: Sleeping          |     2 |     1 |       |       ||     3
  Eat: Chunk             |     4 |     5 |    25 |    35 ||    69
       Royal jelly       |       |       |       |     1 ||     1
Armor: Skin              |    24 |    25 |   215 |   305 ||   569
Dodge: Dodged            |    53 |    50 |   340 |   427 ||   870
